[Event "Titled Tuesday Blitz March 22 Early 2022"]
[White "Kouskoutis, Georgios-Alexandros"]
[Black "Dreev, Aleksey"]
[WhiteFideId "4234049"]
[BlackFideId "4100107"]
[WhiteElo "2130"]
[BlackElo "2625"]
[Result "0-1"]
[Round "08"]
[TimeControl "180+1"]
[Date "2022.03.22"]
[WhiteClock "0:00:02"]
[BlackClock "0:00:11"]

1. c4 e6 2. g3 d5 3. Bg2 Nf6 4. Nf3 dxc4 5. Qa4+ Nbd7 6. Qxc4 a6 7. Qc2 Bd6 8. O-O O-O 9. a4 c5 10. a5 Nd5 11. d3 Nb4 12. Qa4 Nf6 13. Nbd2 Bd7 14. Qb3 Bc6 15. Nc4 Bc7 16. Bd2 Qe7 17. Rfc1 Rfd8 18. Nfe5 Bxg2 19. Kxg2 Nfd5 20. Nf3 Rac8 21. e4 Nxd3 22. exd5 Nxc1 23. Rxc1 exd5 24. Ne3 Bb8 25. Be1 c4 26. Qc2 Ba7 27. Rd1 Bxe3 28. fxe3 Qxe3 29. Bf2 Qe4 30. Qxe4 dxe4 31. Nd4 Rd5 32. Re1 f5 33. g4 g6 34. gxf5 gxf5 35. Rc1 Rxa5 36. Kg3 Ra2 37. Kf4 Rxb2 38. Be3 Rxh2 39. Nxf5 Kf8 40. Kxe4 Rc6 41. Bf4 Re2+ 42. Kf3 Re8 43. Nd6 Re7 44. Nxc4 Ke8 45. Nd6+ Kd7 46. Rd1 Ke6 47. Re1+ Kd7 48. Rxe7+ Kxe7 49. Nxb7 Kd7 50. Be3 Rf6+ 51. Ke4 Re6+ 52. Kd3 Rg6 53. Nc5+ Kc7 54. Ke4 h5 55. Kf3 h4 56. Bf4+ Kb6 57. Nd7+ Kb5 58. Ne5 Rg8 59. Ng4 a5 60. Ne3 a4 61. Nc2 h3 62. Bg3 Kc4 63. Na3+ Kb3 64. Nb5 a3 65. Nd4+ Kb2 66. Be5 a2 67. Ne2+ Kb3 68. Nc1+ Ka3 69. Bd6+ Kb2 70. Nxa2 Kxa2 71. Bg3 Kb3 72. Bf4 Kc2 73. Bg3 Kd3 74. Kf2 Ke4 75. Bc7 Rg2+ 76. Kf1 Kf3 0-1


[Site "https://www.chess.com"]

[Event "Titled Tuesday Blitz March 22 Early 2022"]
[White "Kowalczyk, Pawel"]
[Black "Mkrtchyan, Mariam"]
[WhiteFideId "1130641"]
[BlackFideId "13310828"]
[WhiteElo "2344"]
[BlackElo "1984"]
[Result "0-1"]
[Round "08"]
[TimeControl "180+1"]
[Date "2022.03.22"]
[WhiteClock "0:00:42"]
[BlackClock "0:00:17"]

1. e4 c6 2. Nc3 d5 3. Nf3 dxe4 4. Nxe4 Nf6 5. Ng3 h5 6. h3 g6 7. Bc4 e6 8. d4 Bg7 9. Bg5 b6 10. Qe2 O-O 11. O-O-O Bb7 12. Ne5 Qc7 13. Rhe1 Nbd7 14. f4 Nd5 15. Kb1 Rfe8 16. Rd3 Nf8 17. Nxh5 gxh5 18. Qxh5 f6 19. Bh6 fxe5 20. Rg3 Re7 21. Rxe5 Nh7 22. Reg5 Nxg5 23. Rxg5 Rf8 24. g3 c5 25. Bd3 Nf6 26. Qg6 c4 27. Be2 Be4 28. f5 Bxf5 29. Rxf5 exf5 30. Bd1 Re1 31. Kc1 Qf7 32. Qg5 Ne4 0-1


[Site "https://www.chess.com"]

[Event "Titled Tuesday Blitz March 22 Early 2022"]
[White "Kozak, Antoni"]
[Black "Shtyka, Sergey"]
[WhiteFideId "21832030"]
[BlackFideId "4138465"]
[WhiteElo "2236"]
[BlackElo "2014"]
[Result "1-0"]
[Round "08"]
[TimeControl "180+1"]
[Date "2022.03.22"]
[WhiteClock "0:00:05"]
[BlackClock "0:00:05"]

1. e4 c5 2. Nf3 d6 3. Nc3 Nc6 4. Bb5 Bd7 5. O-O g6 6. d3 Bg7 7. Bf4 Nf6 8. Re1 O-O 9. h3 e5 10. Bg5 h6 11. Bxf6 Bxf6 12. Nd5 Bg7 13. a4 f5 14. Nd2 f4 15. c3 Be6 16. Bc4 Kh7 17. b4 cxb4 18. Nxb4 Nxb4 19. cxb4 Bxc4 20. dxc4 Rc8 21. Ra3 Qb6 22. Qb1 a5 23. b5 h5 24. Rd3 g5 25. Qd1 Kg6 26. Nb3 Rf6 27. Rc3 Bf8 28. Qe2 Be7 29. Rd1 Qc7 30. Rd5 b6 31. Nd2 Qd7 32. Nf1 g4 33. Nh2 Kg5 34. hxg4 hxg4 35. f3 g3 36. Ng4 Re6 37. Kf1 Rh8 38. Ke1 Rh1+ 39. Kd2 Qc7 40. Rc1 Rxc1 41. Kxc1 Rg6 42. c5 bxc5 43. Qe1 Rg8 44. Qh1 Bf8 45. Qh3 Qg7 46. Nxe5 dxe5 47. Qf5+ Kh4 48. Rxe5 Rh8 49. Qh3# 1-0


[Site "https://www.chess.com"]

[Event "Titled Tuesday Blitz March 22 Early 2022"]
[White "Krysa, Leandro"]
[Black "Dixit, Nikhil"]
[WhiteFideId "116807"]
[BlackFideId "5059534"]
[WhiteElo "2490"]
[BlackElo "2223"]
[Result "1-0"]
[Round "08"]
[TimeControl "180+1"]
[Date "2022.03.22"]
[WhiteClock "0:01:35"]
[BlackClock "0:00:36"]

1. e4 c5 2. Nf3 Nc6 3. d4 cxd4 4. Nxd4 Nf6 5. Nc3 e5 6. Ndb5 d6 7. Bg5 a6 8. Na3 b5 9. Nab1 Be7 10. Bxf6 Bxf6 11. a4 b4 12. Nd5 O-O 13. Be2 Be6 14. O-O Bxd5 15. Qxd5 Nd4 16. Bd3 Rc8 17. c3 Rc5 18. Qb7 Nb3 19. Ra2 Na5 20. Qxa6 b3 21. Ra3 Qc7 22. Nd2 Rc6 23. Qb5 Rb8 24. Rfa1 g6 25. Bf1 Rxb5 26. axb5 Rc5 27. Rxa5 d5 28. Nxb3 dxe4 29. b6 Qxb6 30. Nxc5 Qxb2 31. Nxe4 Bh4 32. g3 1-0


[Site "https://www.chess.com"]

[Event "Titled Tuesday Blitz March 22 Early 2022"]
[White "Kulkarni, Rakesh"]
[Black "Gabrielian, Artur"]
[WhiteFideId "5037077"]
[BlackFideId "4131002"]
[WhiteElo "2246"]
[BlackElo "2440"]
[Result "0-1"]
[Round "08"]
[TimeControl "180+1"]
[Date "2022.03.22"]
[WhiteClock "0:00:02"]
[BlackClock "0:00:14"]

1. e4 c5 2. c3 Nf6 3. e5 Nd5 4. d4 cxd4 5. Nf3 d6 6. cxd4 Nc6 7. Bc4 Nb6 8. Bb3 dxe5 9. d5 Na5 10. Nc3 Nxb3 11. Qxb3 e6 12. dxe6 Bxe6 13. Qb5+ Qd7 14. Nxe5 Qxb5 15. Nxb5 Nd5 16. Bd2 Be7 17. Rc1 O-O 18. O-O Rfd8 19. Rfd1 Bf6 20. f4 g5 21. g3 gxf4 22. Bxf4 Nxf4 23. gxf4 Rxd1+ 24. Rxd1 Bxa2 25. Rd7 Rc8 26. Rxb7 Rc1+ 27. Kf2 Rc2+ 28. Kg3 Rxb2 29. Rxa7 Bd5 30. Nd6 Rb3+ 31. Kf2 Rb2+ 32. Kg3 Bxe5 33. fxe5 Rb3+ 34. Kf4 Be6 35. Ne8 h6 36. Nf6+ Kg7 37. Ra8 Rb4+ 38. Kf3 Kg6 39. Rg8+ Kf5 40. Rh8 Rb3+ 41. Ke2 Rb2+ 42. Kf3 Rxh2 43. Ne8 Rh3+ 44. Kg2 Kxe5 45. Ng7 Rh4 46. Kf2 Rf4+ 47. Ke3 Re4+ 48. Kf3 Rf4+ 49. Ke3 Rf6 50. Ne8 Rg6 51. Nc7 f5 52. Nb5 f4+ 53. Kf2 Bd5 54. Nc3 Bc6 55. Ne2 Rg2+ 56. Kf1 Rg6 57. Rf8 f3 58. Nc3 Kd4 59. Nd1 Bb5+ 60. Kf2 Be2 61. Rd8+ Ke4 62. Ne3 Kf4 63. Rf8+ Ke5 64. Re8+ Kf6 65. Rf8+ Kg5 66. Rf5+ Kh4 67. Rf4+ Kh3 68. Rf5 Rg5 69. Rf6 h5 70. Rf4 h4 71. Rf6 Rg3 72. Rf4 Rg5 73. Rf6 Kh2 74. Rf4 h3 75. Rf6 Rg2+ 76. Nxg2 fxg2 77. Rg6 Bd3 78. Rg3 Be4 79. Rg6 Kh1 80. Rg3 h2 81. Rxg2 Bxg2 82. Ke1 Kg1 83. Ke2 h1=Q 0-1


[Site "https://www.chess.com"]

[Event "Titled Tuesday Blitz March 22 Early 2022"]
[White "Ladan, Nicholas"]
[Black "Van den Dikkenberg, Erik"]
[WhiteFideId "30918855"]
[BlackFideId "1005880"]
[WhiteElo "2167"]
[BlackElo "2118"]
[Result "1-0"]
[Round "08"]
[TimeControl "180+1"]
[Date "2022.03.22"]
[WhiteClock "0:01:20"]
[BlackClock "0:01:59"]

1. d4 Nf6 2. Bf4 g6 3. Nf3 d5 4. Nc3 Bg7 5. Qd2 O-O 6. Ne5 Nbd7 7. e3 c6 8. h4 h5 9. f3 Nxe5 10. dxe5 Nd7 11. e6 fxe6 12. Bd3 e5 13. Bg5 d4 14. Ne4 Nf6 15. O-O-O Bf5 16. exd4 Qxd4 17. Be3 Qa4 18. Qc3 Qxa2 19. Bc4+ 1-0


[Site "https://www.chess.com"]

[Event "Titled Tuesday Blitz March 22 Early 2022"]
[White "Le Ruyet, Leopold"]
[Black "Murzin, Volodar"]
[WhiteFideId "645923"]
[BlackFideId "44155573"]
[WhiteElo "2276"]
[BlackElo "2585"]
[Result "0-1"]
[Round "08"]
[TimeControl "180+1"]
[Date "2022.03.22"]
[WhiteClock "0:00:13"]
[BlackClock "0:01:00"]

1. d4 d5 2. c4 e6 3. Nc3 c6 4. cxd5 cxd5 5. Bf4 Bd6 6. Bxd6 Qxd6 7. e3 Ne7 8. f4 Nbc6 9. Nf3 f6 10. a3 Bd7 11. Bd3 O-O 12. O-O Be8 13. Nh4 Rc8 14. Rc1 Na5 15. f5 Nc4 16. Qe2 Bf7 17. Kh1 e5 18. e4 exd4 19. Nxd5 Nxd5 20. Bxc4 Rxc4 21. exd5 d3 22. Qf2 Qxd5 23. Rxc4 Qxc4 24. h3 Re8 25. Rd1 Re2 26. Qg3 d2 27. Qb8+ Re8 28. Qg3 Qc2 29. Qf3 Qxd1+ 0-1


[Site "https://www.chess.com"]

[Event "Titled Tuesday Blitz March 22 Early 2022"]
[White "Lewtak, Damian"]
[Black "Urazayev, Arystanbek"]
[WhiteFideId "1141724"]
[BlackFideId "13709810"]
[WhiteElo "2362"]
[BlackElo "2393"]
[Result "1-0"]
[Round "08"]
[TimeControl "180+1"]
[Date "2022.03.22"]
[WhiteClock "0:00:44"]
[BlackClock "0:00:45"]

1. d4 d5 2. c3 Nf6 3. Bf4 e6 4. e3 c5 5. Nd2 Nc6 6. Ngf3 Nh5 7. Be5 f6 8. Bg3 g6 9. Bd3 Bg7 10. Nh4 Kf7 11. dxc5 e5 12. e4 Be6 13. exd5 Bxd5 14. Ne4 Bf8 15. Nd6+ Bxd6 16. cxd6 Be6 17. O-O Nxg3 18. hxg3 f5 19. Bc2 Qf6 20. Bb3 Rad8 21. Nf3 e4 22. Bxe6+ Kxe6 23. Qb3+ Kxd6 24. Qxb7 exf3 25. Rad1+ Kc5 26. b4+ Kc4 27. Qa6+ Kxc3 28. Rc1+ Kb2 29. Rxc6 Qd4 30. Qa4 Qd3 31. Rfc1 1-0


[Site "https://www.chess.com"]

[Event "Titled Tuesday Blitz March 22 Early 2022"]
[White "Ljukin, Sergei"]
[Black "Atakhan, Abtin"]
[WhiteFideId "14102200"]
[BlackFideId "22502203"]
[WhiteElo "2312"]
[BlackElo "2119"]
[Result "1-0"]
[Round "08"]
[TimeControl "180+1"]
[Date "2022.03.22"]
[WhiteClock "0:00:02"]
[BlackClock "0:00:03"]

1. e4 c5 2. Nf3 Nc6 3. d4 cxd4 4. Nxd4 g6 5. c4 Nf6 6. Nc3 d6 7. Be2 Nxd4 8. Qxd4 Bg7 9. Be3 O-O 10. Qd2 a5 11. O-O a4 12. Rab1 Qa5 13. f3 Be6 14. Rfd1 Rfc8 15. Nd5 Qxd2 16. Rxd2 Bxd5 17. cxd5 Nd7 18. Bd1 Ne5 19. Rc2 Rxc2 20. Bxc2 Nc4 21. Bc1 Bd4+ 22. Kf1 Rc8 23. Bxa4 Ne3+ 24. Bxe3 Bxe3 25. Ke2 Bd4 26. Kd3 Be5 27. g3 g5 28. Bb5 Rc5 29. a4 h5 30. Bc4 Ra5 31. Bb5 h4 32. gxh4 gxh4 33. h3 Ra8 34. Rc1 Bxb2 35. Rc7 Rb8 36. Rxe7 Kg7 37. Rd7 Be5 38. Ke3 Rc8 39. f4 Rc3+ 40. Bd3 Bxf4+ 41. Kxf4 Rxd3 42. Rxd6 Rxh3 43. Rb6 Ra3 44. d6 h3 45. Rxb7 Rd3 46. e5 Rd4+ 47. Kf5 Rxa4 48. e6 h2 49. Rxf7+ Kg8 50. d7 Rd4 51. e7 Rd5+ 52. Ke6 Rd6+ 53. Kxd6 Kxf7 54. e8=Q+ 1-0


[Site "https://www.chess.com"]

[Event "Titled Tuesday Blitz March 22 Early 2022"]
[White "Mangialardo, Tiago Carvalho"]
[Black "Lakshmi C"]
[WhiteFideId "2130718"]
[BlackFideId "25035347"]
[WhiteElo "2084"]
[BlackElo "1775"]
[Result "0-1"]
[Round "08"]
[TimeControl "180+1"]
[Date "2022.03.22"]
[WhiteClock "0:00:50"]
[BlackClock "0:01:33"]

1. e4 g6 2. d4 Bg7 3. Nc3 c5 4. Nf3 Nc6 5. Be3 cxd4 6. Nxd4 d6 7. Be2 Nf6 8. O-O Bd7 9. Rb1 Rc8 10. Bf3 Ne5 11. Qe2 a6 12. Nd5 Nxf3+ 13. Nxf3 Nxd5 14. exd5 Bb5 15. Qd2 Bxf1 16. Kxf1 Qc7 17. c3 Qc4+ 18. Kg1 O-O 19. Ra1 b5 20. Nd4 Qxd5 21. h3 e5 22. Nf3 Qxd2 23. Nxd2 d5 24. a4 d4 25. cxd4 exd4 26. Bf4 Rc2 27. axb5 axb5 0-1


[Site "https://www.chess.com"]

[Event "Titled Tuesday Blitz March 22 Early 2022"]
[White "Manolache, Marius"]
[Black "Suarez Uriel, Adrian"]
[WhiteFideId "1201530"]
[BlackFideId "22230874"]
[WhiteElo "2389"]
[BlackElo "2316"]
[Result "1-0"]
[Round "08"]
[TimeControl "180+1"]
[Date "2022.03.22"]
[WhiteClock "0:02:39"]
[BlackClock "0:02:45"]

1. d4 Nf6 2. c4 g6 3. Nc3 d5 4. cxd5 Nxd5 5. Bd2 c5 6. Qc1 cxd4 7. Nxd5 Nc6 8. Nb4 Ne5 9. Nd3 Nc6 10. g3 Bg7 11. Bg2 O-O 12. f4 Bf5 13. Nf3 Rc8 14. Qd1 Bxd3 15. exd3 e5 16. O-O exf4 17. gxf4 Nb4 18. Bxb4 1-0


[Site "https://www.chess.com"]

[Event "Titled Tuesday Blitz March 22 Early 2022"]
[White "Marcziter, Dmitrii"]
[Black "Jaskolka, Tomasz"]
[WhiteFideId "13900765"]
[BlackFideId "1170791"]
[WhiteElo "2155"]
[BlackElo "2073"]
[Result "0-1"]
[Round "08"]
[TimeControl "180+1"]
[Date "2022.03.22"]
[WhiteClock "0:01:03"]
[BlackClock "0:00:39"]

1. e4 c5 2. Nc3 e6 3. g3 Nc6 4. Bg2 b6 5. d3 Bb7 6. f4 Nge7 7. e5 d5 8. exd6 Qxd6 9. Nf3 Nd5 10. Ne4 Qc7 11. O-O Be7 12. a3 O-O 13. c4 Nf6 14. h3 Rad8 15. Qe2 Nxe4 16. dxe4 e5 17. fxe5 Nxe5 18. Bf4 Nxf3+ 19. Qxf3 Qd7 20. Rad1 Qe6 21. Qe2 h6 22. Bc7 Rxd1 23. Rxd1 Bf6 24. b3 Bd4+ 25. Kh2 Re8 26. Re1 Be5 27. Bxe5 Qxe5 28. Qd3 f5 29. exf5 Qxe1 30. Bxb7 Qe2+ 31. Qxe2 Rxe2+ 32. Kg1 Rb2 33. a4 Rxb3 34. Kf2 Kf7 35. Bc6 Rc3 36. h4 Kf6 37. g4 Rh3 38. h5 Kg5 39. Bg2 Rd3 40. Bf3 Rd4 41. Be2 Rxg4 42. Bxg4 Kxg4 43. f6 gxf6 44. Ke3 f5 45. Kf2 f4 46. Ke2 f3+ 47. Kf2 Kf4 48. Kf1 Ke3 49. Ke1 a5 50. Kf1 f2 51. Kg2 Ke2 0-1


[Site "https://www.chess.com"]

[Event "Titled Tuesday Blitz March 22 Early 2022"]
[White "Martin Duque, Jesus"]
[Black "Boros, Denes"]
[WhiteFideId "2208954"]
[BlackFideId "722340"]
[WhiteElo "2243"]
[BlackElo "2464"]
[Result "1-0"]
[Round "08"]
[TimeControl "180+1"]
[Date "2022.03.22"]
[WhiteClock "0:00:15"]
[BlackClock "0:00:07"]

1. Nf3 Nf6 2. b3 d6 3. d4 Bg4 4. Bb2 c6 5. Nbd2 Nbd7 6. h3 Bh5 7. e3 Qc7 8. Be2 e5 9. O-O Be7 10. dxe5 dxe5 11. Nc4 Bxf3 12. Bxf3 O-O 13. a4 Rad8 14. Be2 Rfe8 15. a5 Bb4 16. Qc1 Nf8 17. Ra4 Bc5 18. b4 Bd6 19. Rd1 Ng6 20. Qa1 Re6 21. Bf1 Nh4 22. Nxe5 Nd5 23. Nd3 Rg6 24. Kh1 Bg3 25. b5 Bxf2 26. Nxf2 Qg3 27. Rxh4 Qxh4 28. e4 Qxf2 29. exd5 c5 30. Be5 Qxc2 31. d6 Re6 32. Bh2 c4 33. b6 axb6 34. axb6 c3 35. d7 Qb2 36. Bc7 c2 37. Bxd8 Rd6 38. Bf6 Qxf6 39. Qxf6 cxd1=Q 40. Qd8# 1-0


[Site "https://www.chess.com"]

[Event "Titled Tuesday Blitz March 22 Early 2022"]
[White "Matlakov, Maxim"]
[Black "Moroni, Luca Jr"]
[WhiteFideId "4168003"]
[BlackFideId "865834"]
[WhiteElo "2669"]
[BlackElo "2573"]
[Result "1-0"]
[Round "08"]
[TimeControl "180+1"]
[Date "2022.03.22"]
[WhiteClock "0:01:45"]
[BlackClock "0:00:06"]

1. d4 d6 2. e4 e5 3. Nf3 exd4 4. Qxd4 Nf6 5. Nc3 Be7 6. Bd2 O-O 7. O-O-O Nc6 8. Qe3 a6 9. h3 b5 10. g4 Be6 11. g5 Nd7 12. h4 Nde5 13. Nxe5 Nxe5 14. f4 Nc4 15. Bxc4 Bxc4 16. b3 b4 17. bxc4 bxc3 18. Bxc3 Re8 19. h5 Qd7 20. h6 d5 21. hxg7 Rab8 22. Rxh7 Ba3+ 23. Kd2 f6 24. Rh8+ Kf7 25. g6+ Kxg6 26. g8=Q+ Rxg8 27. Rg1+ Kf7 28. Rh7+ 1-0


[Site "https://www.chess.com"]

[Event "Titled Tuesday Blitz March 22 Early 2022"]
[White "Melikhov, Evgeny V."]
[Black "Fathy, Elameir"]
[WhiteFideId "4122046"]
[BlackFideId "10600396"]
[WhiteElo "1945"]
[BlackElo "2311"]
[Result "0-1"]
[Round "08"]
[TimeControl "180+1"]
[Date "2022.03.22"]
[WhiteClock "0:01:14"]
[BlackClock "0:01:58"]

1. d4 d5 2. c4 c6 3. Nc3 Nf6 4. e3 e6 5. Nf3 Nbd7 6. Bd3 dxc4 7. Bxc4 b5 8. Bd3 Bd6 9. O-O O-O 10. e4 e5 11. Bg5 Bb7 12. d5 b4 13. dxc6 Bxc6 14. Nd5 Bxd5 15. exd5 h6 16. Bxf6 Nxf6 17. Re1 Re8 18. Bc4 Qb6 19. Qe2 e4 20. Nd2 e3 21. fxe3 Rxe3 22. Qxe3 Bc5 23. Nf1 Bxe3+ 24. Nxe3 Re8 25. Kf2 Rxe3 26. Rxe3 Ng4+ 27. Kf3 Nxe3 28. Bb3 Nf5 29. Rd1 Qe3+ 30. Kg4 Qe4+ 0-1


[Site "https://www.chess.com"]

[Event "Titled Tuesday Blitz March 22 Early 2022"]
[White "Mena, Ailen Oriana"]
[Black "Thomas, Anysia"]
[WhiteFideId "3902773"]
[BlackFideId "670472"]
[WhiteElo "1534"]
[BlackElo "2002"]
[Result "1-0"]
[Round "08"]
[TimeControl "180+1"]
[Date "2022.03.22"]
[WhiteClock "0:00:21"]
[BlackClock "0:00:02"]

1. e4 c5 2. c3 g6 3. d4 cxd4 4. cxd4 d5 5. e5 Bg7 6. h3 Nh6 7. g4 f6 8. f4 O-O 9. Nc3 Nc6 10. Bg2 Be6 11. Be3 fxe5 12. fxe5 Nf7 13. Nf3 Qb6 14. Qd2 Rac8 15. O-O Rfd8 16. Rac1 Nfxe5 17. Nxe5 Nxe5 18. Na4 Qb5 19. Nc5 Nc4 20. Rxc4 dxc4 21. Nxe6 Rd6 22. Nxg7 Kxg7 23. Bh6+ Kg8 24. Qe2 Qb6 25. Qxe7 Qxd4+ 26. Kh1 Kh8 27. Rf8+ Rxf8 28. Qxf8# 1-0


[Site "https://www.chess.com"]

[Event "Titled Tuesday Blitz March 22 Early 2022"]
[White "Mikhailovsky, Vladimir"]
[Black "Pajeken, Jakob Leon"]
[WhiteFideId "34105414"]
[BlackFideId "12942839"]
[WhiteElo "2371"]
[BlackElo "2351"]
[Result "1/2-1/2"]
[Round "08"]
[TimeControl "180+1"]
[Date "2022.03.22"]
[WhiteClock "0:00:09"]
[BlackClock "0:01:39"]

1. e4 e5 2. Nf3 Nc6 3. Nc3 Nf6 4. d4 exd4 5. Nxd4 Nxe4 6. Nxc6 Nxc3 7. Nxd8 Nxd1 8. Nxf7 Kxf7 9. Kxd1 d5 10. Bd3 c6 11. Re1 Be7 12. Bf4 Bf6 13. c3 g6 14. Kd2 Be6 15. Be5 Rhe8 16. Bxf6 Kxf6 17. Re3 Bd7 18. Rae1 Rxe3 19. Rxe3 Re8 20. f4 Rxe3 21. Kxe3 b6 22. b4 h6 23. a3 c5 24. g3 a5 25. bxc5 bxc5 26. Ba6 Bc6 27. Bc8 Bb5 28. h4 g5 29. fxg5+ hxg5 30. h5 Be8 31. g4 Ke5 32. Kd3 Bf7 33. Ke3 Bg8 34. Bf5 Be6 35. Bxe6 Kxe6 36. Kd3 a4 37. Kd2 Kf6 38. Ke2 Kg7 39. Ke3 Kh6 40. Kd3 Kh7 41. c4 d4 42. Ke4 Kh6 43. Kf3 Kh7 44. Ke4 Kh6 45. Kd3 Kh7 46. Ke4 1/2-1/2


[Site "https://www.chess.com"]

[Event "Titled Tuesday Blitz March 22 Early 2022"]
[White "Mikhalsky, Vladimir"]
[Black "Voit, Daria"]
[WhiteFideId "14144352"]
[BlackFideId "4182146"]
[WhiteElo "2301"]
[BlackElo "2323"]
[Result "1-0"]
[Round "08"]
[TimeControl "180+1"]
[Date "2022.03.22"]
[WhiteClock "0:00:38"]
[BlackClock "0:01:01"]

1. c4 Nf6 2. Nc3 c5 3. Nf3 d5 4. cxd5 Nxd5 5. e4 Nb4 6. Bc4 Nd3+ 7. Ke2 Nf4+ 8. Kf1 Nc6 9. d4 cxd4 10. Nxd4 Qxd4 11. Qxd4 Nxd4 12. Bxf4 e6 13. Rd1 Bc5 14. Na4 b6 15. b4 Bxb4 16. Rxd4 Bd7 17. Bb3 Bb5+ 18. Kg1 Be7 19. Nc3 Bc6 20. Bd6 Rd8 21. e5 f6 22. Bxe6 fxe5 23. Bxe5 Bf6 24. Bxf6 gxf6 25. Rxd8+ Kxd8 26. Bd5 Re8 27. h3 Bd7 28. Kh2 b5 29. Bf3 Kc7 30. Nd5+ 1-0


[Site "https://www.chess.com"]

[Event "Titled Tuesday Blitz March 22 Early 2022"]
[White "Mikhnenko, Alexander"]
[Black "Petrova, Irina"]
[WhiteFideId "34143014"]
[BlackFideId "14124122"]
[WhiteElo "2184"]
[BlackElo "1993"]
[Result "0-1"]
[Round "08"]
[TimeControl "180+1"]
[Date "2022.03.22"]
[WhiteClock "0:00:51"]
[BlackClock "0:00:17"]

1. e4 d6 2. d4 Nf6 3. Nc3 e5 4. dxe5 dxe5 5. Qxd8+ Kxd8 6. Bg5 Be6 7. O-O-O+ Nd7 8. f4 exf4 9. Nf3 Kc8 10. Bb5 a6 11. Ba4 b5 12. Bb3 b4 13. Nd5 Nxe4 14. Rhe1 Nxg5 15. Nxg5 Nc5 16. Nxf4 Nxb3+ 17. axb3 Bd6 18. Nfxe6 fxe6 19. Nf7 Bf4+ 20. Kb1 Rf8 21. Rf1 Rxf7 22. g3 e5 23. gxf4 exf4 24. Rd4 g5 25. Rxb4 Rb8 26. Rc4 Rb5 27. Rc6 Rb6 28. Rc5 h6 29. h4 Rg6 30. hxg5 hxg5 31. Rc4 Rgf6 32. Rc5 Rf5 33. Rc6 Kb7 34. Rg6 f3 35. Rf2 Re7 36. Kc1 Re4 37. Kd2 Rd5+ 38. Kc3 g4 39. b4 Re2 40. Rf1 Rg2 41. b5 axb5 42. b4 Rdd2 43. Rxg4 Rxc2+ 44. Kd3 Rxg4 45. Kxc2 Rxb4 46. Rxf3 Rc4+ 47. Kb3 Kb6 48. Rf6+ c6 49. Rf8 Rh4 50. Rf5 c5 51. Rf8 Rh3+ 0-1


[Site "https://www.chess.com"]

[Event "Titled Tuesday Blitz March 22 Early 2022"]
[White "Mirzanurov, Bulat"]
[Black "Ismayil, Malak"]
[WhiteFideId "4184521"]
[BlackFideId "13412604"]
[WhiteElo "2116"]
[BlackElo "1879"]
[Result "1-0"]
[Round "08"]
[TimeControl "180+1"]
[Date "2022.03.22"]
[WhiteClock "0:00:11"]
[BlackClock "0:00:03"]

1. e4 e5 2. Nf3 Nc6 3. Bc4 Bc5 4. b4 Bxb4 5. c3 Ba5 6. d4 exd4 7. O-O d6 8. cxd4 Nf6 9. d5 O-O 10. dxc6 bxc6 11. Bg5 h6 12. Bh4 Bg4 13. h3 Bh5 14. g4 Bg6 15. e5 dxe5 16. Nxe5 Be4 17. Qb3 Qe7 18. Bxf6 Qxf6 19. Nd7 Qd4 20. Nxf8 Rxf8 21. Na3 Bb6 22. Rad1 Qf6 23. Qg3 h5 24. Bd3 h4 25. Qh2 Bd5 26. Nc4 Bd4 27. Ne3 Bf3 28. Bf5 Bxd1 29. Rxd1 Be5 30. Qg2 g6 31. Be4 c5 32. Nc4 Bd4 33. Rd3 Rb8 34. Qf3 Qe6 35. Bd5 Rb1+ 36. Kg2 Qe7 37. Rd2 c6 38. Re2 Qc7 39. Bxc6 Kg7 40. Bd5 Bf6 41. Nd2 Rd1 42. Ne4 Bd4 43. Ng5 Bf6 44. Nxf7 Rxd5 45. Qxd5 Qxf7 46. Qxf7+ Kxf7 47. Kf3 Bd4 48. Ke4 Kf6 49. f4 a6 50. f5 gxf5+ 51. gxf5 Kg5 52. Rg2+ Kf6 53. Rg6+ Kf7 54. Rxa6 Bf2 55. Rc6 Ke7 56. a4 Kd7 57. Rh6 Ke7 58. Kd5 Kf7 59. Rg6 Bd4 60. a5 1-0


[Site "https://www.chess.com"]

[Event "Titled Tuesday Blitz March 22 Early 2022"]
[White "Mirzoev, Azer"]
[Black "Sanchez, Robert"]
[WhiteFideId "13400304"]
[BlackFideId "2034360"]
[WhiteElo "2525"]
[BlackElo "2254"]
[Result "1-0"]
[Round "08"]
[TimeControl "180+1"]
[Date "2022.03.22"]
[WhiteClock "0:01:04"]
[BlackClock "0:00:53"]

1. c4 e5 2. Nc3 Nc6 3. e3 Nf6 4. Nf3 d5 5. cxd5 Nxd5 6. Qc2 Ndb4 7. Qb1 Bg4 8. a3 Nd5 9. Be2 Nxc3 10. bxc3 Bd6 11. Qxb7 Na5 12. Qb5+ c6 13. Qa4 Bd7 14. O-O O-O 15. Qc2 f5 16. d4 e4 17. Nd2 Rf6 18. g3 Rh6 19. a4 g5 20. Ba3 Bxa3 21. Rxa3 g4 22. Rb1 Be6 23. c4 Qe7 24. Ra2 Rf8 25. Nf1 Rh3 26. Rab2 Qg5 27. Rb8 h5 28. Rxf8+ Kxf8 29. Qc3 f4 30. exf4 Qf5 31. Rb8+ Kg7 32. d5+ 1-0


[Site "https://www.chess.com"]

[Event "Titled Tuesday Blitz March 22 Early 2022"]
[White "Myshakov, Fyodor"]
[Black "Kanyamarala, Trisha"]
[WhiteFideId "14111284"]
[BlackFideId "45004722"]
[WhiteElo "2310"]
[BlackElo "2047"]
[Result "1-0"]
[Round "08"]
[TimeControl "180+1"]
[Date "2022.03.22"]
[WhiteClock "0:01:16"]
[BlackClock "0:00:02"]

1. c4 e5 2. Nc3 Nf6 3. Nf3 e4 4. Ng5 e3 5. dxe3 Bb4 6. Qc2 h6 7. Ne4 O-O 8. Nxf6+ Qxf6 9. Bd2 c6 10. g3 d6 11. Bg2 Nd7 12. O-O a5 13. a3 Bc5 14. Ne4 Qe7 15. Nxc5 dxc5 16. Bc3 Ne5 17. b3 a4 18. b4 Qe6 19. bxc5 Qxc4 20. Qb2 f6 21. Bxe5 fxe5 22. Qxe5 Qxe2 23. Qe7 Rb8 24. Rab1 Bf5 25. Rxb7 Rxb7 26. Qxb7 Bd3 27. Qxc6 Qc2 28. Qd5+ Kh8 29. Qd6 Rf6 30. Qd8+ Kh7 31. Qe7 Kh8 32. c6 Bxf1 33. Qe8+ Kh7 34. Be4+ 1-0


[Site "https://www.chess.com"]

[Event "Titled Tuesday Blitz March 22 Early 2022"]
[White "Namitbir Singh Walia"]
[Black "Vusatiuk, Vladimir"]
[WhiteFideId "35071068"]
[BlackFideId "14118610"]
[WhiteElo "1565"]
[BlackElo "2157"]
[Result "1-0"]
[Round "08"]
[TimeControl "180+1"]
[Date "2022.03.22"]
[WhiteClock "0:00:29"]
[BlackClock "0:00:05"]

1. e4 c5 2. Nf3 d6 3. d4 cxd4 4. Nxd4 Nf6 5. Nc3 a6 6. Bg5 e6 7. f4 Qb6 8. a3 Nc6 9. Nb3 Be7 10. Qf3 h6 11. Bh4 Bd7 12. O-O-O Rc8 13. Bf2 Qc7 14. g4 b5 15. h4 h5 16. g5 Ng4 17. Bg1 b4 18. axb4 Nxb4 19. Kb1 a5 20. Nd4 a4 21. Ndb5 Qa5 22. Rxd6 Rxc3 23. Qxc3 Bxb5 24. Bxb5+ Kf8 25. Qc8+ Bd8 26. Rxd8+ Ke7 27. Bc5# 1-0


[Site "https://www.chess.com"]

[Event "Titled Tuesday Blitz March 22 Early 2022"]
[White "Neiksans, Arturs"]
[Black "Grandelius, Nils"]
[WhiteFideId "11601388"]
[BlackFideId "1710400"]
[WhiteElo "2447"]
[BlackElo "2617"]
[Result "0-1"]
[Round "08"]
[TimeControl "180+1"]
[Date "2022.03.22"]
[WhiteClock "0:00:20"]
[BlackClock "0:00:06"]

1. e4 c6 2. d4 d5 3. exd5 cxd5 4. Bd3 Nc6 5. c3 Qc7 6. Ne2 Bg4 7. O-O e6 8. Qe1 Be7 9. Bf4 Qb6 10. Nd2 Nf6 11. Rb1 Bh5 12. Bg3 Bg6 13. Nf4 Bxd3 14. Nxd3 Qa6 15. Qe2 O-O 16. Bh4 Nd7 17. Bxe7 Nxe7 18. a3 Ng6 19. g3 Rae8 20. Rfe1 Ne7 21. Nf3 Nf5 22. Qc2 Qc6 23. Nde5 Nxe5 24. Nxe5 Qc7 25. Qd2 Nd6 26. Re2 a5 27. Rbe1 Re7 28. h4 Rfe8 29. h5 f6 30. Nd3 Ne4 31. Qe3 b6 32. Kg2 Qd6 33. Qf3 e5 34. dxe5 fxe5 35. Qe3 Nf6 36. Qg5 e4 37. Nf4 Re5 38. Qh4 Qe7 39. Re3 Nxh5 40. Qxe7 Nxf4+ 41. gxf4 R5xe7 42. Rd1 Rf8 43. Rxd5 Rxf4 44. c4 h6 45. b4 Ref7 46. Re2 axb4 47. axb4 Rg4+ 48. Kf1 Rf3 49. Rc2 e3 50. Rd6 exf2 51. Rxf2 Rxf2+ 52. Kxf2 Rxc4 53. Rxb6 Rc3 54. Rb8+ Kh7 55. b5 h5 56. b6 Rb3 57. Kg2 Kg6 58. b7 Kg5 59. Kf2 Kg4 60. Ke2 h4 61. Kd2 h3 62. Kc2 Rb6 63. Kc3 h2 64. Rh8 Kg3 0-1


[Site "https://www.chess.com"]